 Dungeon Crawl Stone Soup version 0.29.0-13-gc9e81de378 (webtiles) character file.

Game seed: 15601899191969638207

21 Ofeo the Firebug (level 3, 26/26 HPs)
             Began as a Meteoran Fire Elementalist on Sept 9, 2022.
             Quit the game on level 2 of the Dungeon.
             The game lasted 00:01:54 (279 turns).

Ofeo the Firebug (Meteoran Fire Elementalist)        Turns: 279, Time: 00:01:55

Health: 26/26      AC:  2    Str:  9    XL:     3   Next: 20%
Magic:  8/8        EV: 13    Int: 18    God:
Gold:   8          SH:  0    Dex: 15    Spells: 7/8 levels left

rFire   . . .      SeeInvis .   (no weapon)
rCold   . . .      Faith    .   (no shield)
rNeg    . . .      Spirit   .   a - +0 robe
rPois   .          Reflect  .   (no helmet)
rElec   .          Harm     .   (no cloak)
rCorr   .          Rampage  .   (no gloves)
Will    .....                   (no boots)
Stlth   +.........              (no amulet)
HPRegen 0.08/turn               (no ring)
MPRegen 0.11/turn               (no ring)

@: glowing
A: sense surroundings 1, otherworldly, glowing, explore regen
a: no special abilities


You were on level 2 of the Dungeon.
You visited 1 branch of the dungeon, and saw 3 of its levels.

You collected 8 gold pieces.

Inventory:

Armour
 a - a +0 robe (worn)
Potions
 b - a potion of magic
 c - 2 potions of mutation {unknown}


   Skills:
 + Level 2.8 Dodging
 + Level 1.6 Stealth
 + Level 3.0 Spellcasting
 + Level 1.8 Conjurations
 + Level 3.9 Fire Magic


You had 7 spell levels left.
You knew the following spells:

 Your Spells              Type           Power      Damage    Failure   Level
a - Foxfire               Conj/Fire      52%        2x1d6     4%          1

Your spell library contained the following spells:

 Spells                   Type           Power      Damage    Failure   Level
 Scorch                   Fire           32%        2d6       4%          2
 Conjure Flame            Conj/Fire      13%        6-21      16%         3
 Inner Flame              Hex/Fire       9%         N/A       22%         3
 Blink                    Tloc           4%         N/A       24%         2
 Lesser Beckoning         Tloc           2%         N/A       43%         3
 Flame Wave               Conj/Fire      13%        2d6       45%         4
 Manifold Assault         Tloc           2%         N/A       99%         5


Dungeon Overview and Level Annotations

Branches:
Dungeon (3/15) Zot: 1521

Altars:

Annotations:
D:3 Robin


Innate Abilities, Weirdness & Mutations

You passively map a small area around you.
You are easily found by Zot.
You glow in the dark.
You regain HP and MP as you explore.


Message History

Casting: Foxfire (safe; 6% risk of failure)
Confirm with . or Enter, or press ? or * to list all spells.
You miscast Foxfire.
You are very lightly contaminated with residual magic.
Nothing appears to happen.
The foxfire hits the jackal.
The jackal is severely wounded.
The jackal is engulfed in a cloud of scalding steam.
You kill the jackal!
The foxfire hits the adder.
The adder is moderately wounded.
You now have 4/6 mp.
Casting: Foxfire (safe; 6% risk of failure)
Confirm with . or Enter, or press ? or * to list all spells.
You conjure some foxfire!
You now have 3/6 mp.
Casting: Foxfire (safe; 6% risk of failure)
Confirm with . or Enter, or press ? or * to list all spells.
You conjure some foxfire!
The foxfire hits the adder.
The adder is severely wounded.
The foxfire hits the adder.
The adder is severely wounded.
You now have 2/6 mp.
You barely miss the adder.
The adder is severely wounded.
The foxfire hits the adder.
You kill the adder!
Your Spellcasting skill increases to level 3!
You have reached level 3!
Your experience leads to an increase in your attributes!
Increase (s)trength, (i)ntelligence, or (d)exterity?
You feel clever. x2; You feel agile.
You regained 4 hp, and now have 15/26 hp.
Found an escape hatch in the ceiling.
You open the door.
Found a stone staircase leading up.
You regained 3 hp, and now have 18/26 hp.
Your magical contamination has completely faded away.
There is an open door here.
Health restored: 26; MP restored: 8 Are you sure you want to abandon this character and quit the game? (Confirm with "yes".)

* * , ... * ,+ * * *
#.# .. * , , * #.#
#.# ,,
#########.####.## ,*
#................ *
####.........# ##..#
#.........<..###<..#
#..................#
#..@.###..8.⌠.8.....
#....# #........#'##
#....# #..⌠._.†.....
#....# ##..........#
###### #.8.⌠.8....#
#..........#
#..#.####### *#...*
* * ## ,


There were no monsters in sight!

Vanquished Creatures
  An adder (D:2)
  2 endoplasms (D:2)
  A giant cockroach (D:2)
  2 hobgoblins (D:2)
  2 jackals (D:2)
  A quokka (D:2)
  A rat (D:1)
10 creatures vanquished.

Vanquished Creatures (others)
  25 foxfires
25 creatures vanquished.

Grand Total: 35 creatures vanquished

Notes
Turn   | Place    | Note
-------+----------+-------------------------------------------
     0 | D:1      | Ofeo the Meteoran Fire Elementalist began the quest for the
                  | Orb.
     0 | D:1      | Reached XP level 1. HP: 14/14 MP: 5/5
   191 | D:3      | Noticed Robin
   205 | D:2      | Reached XP level 2. HP: 3/20 MP: 3/6
   218 | D:2      | HP: 1/20 [endoplasm (2)]
   254 | D:2      | Found a faded altar of an unknown god.
   262 | D:2      | Reached XP level 3. HP: 15/26 MP: 2/8
   279 | D:2      | Quit the game

Illustrated notes

Levels and vault maps discovered:
D:1:      saegor_arrival_simple_b, layout_loops_ring, nicolae_shop_unique_rings
D:2:      layout_basic, hellmonk_ecumenical_altar_dog_temple, uniq_natasha
D:3:      layout_basic, ebering_ghost_disaster_area, amcnicky_mini_pool_small,
          uniq_crazy_yiuf_cottage, uniq_jessica, uniq_robin

Skill      XL: |  1  2 |
---------------+-------+-----
Spellcasting   | 3 |  3.0
Dodging        | |  2.8
Stealth        | |  1.6
Conjurations   | |  1.8
Fire Magic     | |  3.9

Action                   || total
-------------------------++-------
Melee: Unarmed           ||     7
 Cast: Foxfire           ||    17
Armor: Robe              ||     4
Dodge: Dodged            ||     5
